 Dungeon Crawl Stone Soup version 0.30.1-11-g7821555f0a (webtiles) character file.

Game seed: 15281512803203135747

280 Peloso the Covered (level 6, 53/53 HPs)
             Began as a Minotaur Fighter on Dec 12, 2023.
             Got out of the dungeon alive.
             The game lasted 00:04:43 (3417 turns).

Peloso the Covered (Minotaur Fighter)               Turns: 3417, Time: 00:04:44

Health: 53/53      AC: 13    Str: 20    XL:     6   Next: 5%
Magic:  5/5        EV:  6    Int:  5    God:
Gold:   196        SH:  5    Dex: 12    Spells: 5/5 levels left

rFire   . . .        a - +1 long sword
rCold   . . .        d - +0 buckler
rNeg    . . .        c - +0 plate armour
rPois   .            (helmet restricted)
rElec   .            (no cloak)
rCorr   .            (no gloves)
SInv    .            e - +0 pair of boots
Will    .....        (no amulet) Stlth
                     (no ring)
HPRegen 0.28/turn    (no ring)
MPRegen 0.09/turn

%: random rage (3%)
@: no status effects
A: horns 2, retaliatory headbutt, hooves 1, camouflage 1, berserk 1, evolution 1
a: no special abilities


You escaped.
You visited 1 branch of the dungeon, and saw 5 of its levels.

You collected 196 gold pieces.

Inventory:

Hand Weapons
 a - a +1 long sword (weapon)
Armour
 b - a +0 scale mail
 c - a +0 plate armour (worn)
 d - a +0 buckler (worn)
 e - a +0 pair of boots (worn)
Jewellery
 o - a +6 ring of strength
Wands
 h - a wand of flame (13)
 n - a wand of roots (11)
Scrolls
 f - a scroll of amnesia
 g - a scroll of silence {unknown}
 i - 2 scrolls of noise {unknown}
 l - 2 scrolls of immolation
 m - a scroll of summoning
 p - a scroll of identify
 r - a scroll of blinking {unknown}
Potions
 j - 2 potions of might
 k - a potion of heal wounds {unknown}
 q - a potion of magic {unknown}


   Skills:
 + Level 4.3 Fighting
 + Level 4.7 Long Blades
 + Level 5.8 Armour
 + Level 1.3 Dodging
 + Level 0.1 Stealth
 + Level 4.4 Shields


You had 5 spell levels left.
You didn't know any spells.
Your spell library contained the following spells:

 Spells                   Type           Power      Damage    Failure   Level
 Freeze                   Ice            0%         1d3       100%        1
 Frozen Ramparts          Ice            0%         1d1       100%        3
 Hailstorm                Conj/Ice       0%         3d3       100%        3


Dungeon Overview and Level Annotations

Branches:
Dungeon (5/15)
 Temple: D:4-7

Altars:
Gozag
Ru

Annotations:
D:3 1 runed translucent door, Crazy Yiuf
D:4 3 runed translucent doors, Martska's ghost, amateur MiFi


Innate Abilities, Weirdness & Mutations

You have a pair of horns on your head.
You reflexively headbutt those who attack you in melee.
You have large cloven feet.
Your skin changes colour to match your surroundings (Stealth+).
You sometimes lose your temper in combat.
You have hidden genetic potential.


Message History

Found 7 stones.
You feel a genetic drift.
Your feet thicken and deform.
An ufetubus comes into view.
The ufetubus shouts!
The ufetubus hits you. You block the ufetubus's attack.
The ufetubus hits you but does no damage.
The ufetubus barely misses you. You block the ufetubus's attack.
The ufetubus hits you but does no damage.
You completely miss the ufetubus. Your headbutt misses the ufetubus.
The ufetubus hits you.
The ufetubus hits you but does no damage.
You block the ufetubus's attack.
The ufetubus hits you but does no damage.
You closely miss the ufetubus. You headbutt the ufetubus!
You kill the ufetubus!
Okay, then.
(D) Dungeon
Where to? (Enter - D:12, ? - help)
What level of the Dungeon? (default 1, ? - help) HP restored.
There is a stone staircase leading up here.
You climb upwards.
Level annotation: 3 runed translucent doors, Martska's ghost, amateur MiFi
There is a stone staircase leading down here.
There is a stone staircase leading up here.
You climb upwards.
Level annotation: 1 runed translucent door, Crazy Yiuf
There is a stone staircase leading down here.
There is a stone staircase leading up here.
You climb upwards.
There is a stone staircase leading down here.
There is a stone staircase leading up here.
You climb upwards.
There is a stone staircase leading down here.
You enter the shallow water.
Moving in this stuff is going to be slow.
There is a staircase leading out of the dungeon here.
Are you sure you want to leave the Dungeon?
This will make you lose the game!
You have escaped!

#### ##...######## ####..#
#.^#######.# ####.###.###.#
##.....#######.#...##).##.#
##...~~....~≈.##~.#.....#...
#..#....~~~~~.≈~...####.##.#
######.###.~≈~≈~~.~~.~~...####..#
#.....##..~≈≈≈≈≈.~≈~≈≈~..#..##.##
#.#....#.~~≈≈≈~~~≈~≈≈~~~..####.#
#.#######.~≈≈≈≈.@.≈≈≈≈≈.##.###.##
#.#.####..~~≈≈~≈~.≈≈≈≈~~.##.##.##
....##.≈~~.≈≈≈~~.~≈~.≈~≈..#....##
#.###.~~≈≈≈.~~≈.~≈≈~~...~.##....#
#...##.~≈≈~~.~.≈≈~~~.##....#.#...
######...≈~.....≈.....#..###.#...
####.~~.###.###.#.#..####.[.
###########≈##.).# ######....#...
......#...#####################.#


There were no monsters in sight!

Vanquished Creatures
  2 hounds (D:4)
  A jelly (D:4)
  A sleepcap (D:4)
  An iguana (D:4)
  3 adders
  An ufetubus (D:5)
  3 worms
  4 dart slugs
  2 orcs
  3 ball pythons
  13 endoplasms
  3 giant cockroaches
  9 goblins
  3 hobgoblins
  7 jackals
  3 quokkas
  6 bats
  9 frilled lizards
  6 kobolds
  6 rats
86 creatures vanquished.

Notes
Turn   | Place    | Note
-------+----------+-------------------------------------------
     0 | D:1      | Peloso the Minotaur Fighter began the quest for the Orb.
     0 | D:1      | Reached XP level 1. HP: 19/19 MP: 0/0
   104 | D:1      | Reached XP level 2. HP: 24/27 MP: 1/1
   171 | D:1      | Reached skill level 4 in Armour
   397 | D:1      | Reached XP level 3. HP: 32/33 MP: 2/2
   493 | D:1      | You fall into a shaft and drop 1 floor!
   838 | D:2      | Reached skill level 1 in Dodging
  1727 | D:3      | Reached XP level 4. HP: 31/40 MP: 3/3
  2246 | D:3      | Found a runed translucent door.
  2247 | D:3      | Noticed Crazy Yiuf
  2701 | D:4      | Reached XP level 5. HP: 40/46 MP: 4/4
  2721 | D:4      | Gained mutation: Your skin changes colour to match your
                  | surroundings (Stealth+). [potion of mutation]
  2721 | D:4      | Gained mutation: You sometimes lose your temper in combat.
                  | [potion of mutation]
  2721 | D:4      | Gained mutation: You have hidden genetic potential. [potion
                  | of mutation]
  2862 | D:4      | Found a sacrificial altar of Ru.
  2881 | D:4      | Found a runed translucent gate.
  2882 | D:4      | Found a runed translucent gate.
  2884 | D:4      | Found a runed translucent gate.
  2885 | D:4      | Found an opulent altar of Gozag.
  2887 | D:4      | Noticed Martska's ghost (amateur MiFi)
  2903 | D:4      | Reached skill level 5 in Armour
  3028 | D:4      | Reached XP level 6. HP: 44/53 MP: 5/5
  3281 | D:5      | Entered Level 5 of the Dungeon
  3307 | D:5      | Gained mutation: You have large cloven feet. [hidden
                  | potential]
  3417 | D:$      | Got out of the dungeon alive.

Illustrated notes

Levels and vault maps discovered:
D:1:      dpeg_arrival_subterranean_lakeside_camping, layout_loops_cross,
          minmay_cupped
D:2:      layout_basic
D:3:      layout_loops_ring, uniq_crazy_yiuf_cottage
D:4:      layout_cave_pools, mainiacjoe_overflow_brackets, ebering_ghost_gozag
D:5:      layout_loops_ring, minmay_temple_entry_water_ring

Skill      XL: |  1  2  3  4  5 |
---------------+----------------+-----
Armour         | 4 5 |  5.8
Shields        | 4 |  4.4
Fighting       | 4 |  4.3
Dodging        | 1 |  1.3
Long Blades    | 3 4 |  4.7
Stealth        | |  0.1

Action                     |  1- 3 |  4- 6 || total
---------------------------+-------+-------++-------
  Melee: Long sword        |   121 |    91 ||   212
         Headbutt          |     8 |    17 ||    25
    Use: Scroll            |     5 |       ||     5
         Potion            |     1 |     3 ||     4
 Armour: Scale mail        |    49 |       ||    49
         Plate armour      |    24 |    94 ||   118
  Dodge: Dodged            |    56 |    14 ||    70
  Block: Buckler           |    40 |    27 ||    67
